 Dungeon Crawl Stone Soup version 0.31-a0-876-gfe8ebadbca (webtiles) character file.

Game seed: 199059500547908398

238 Dordric the Changeling (level 6, -7/42 HPs)
             Began as a Djinni Shapeshifter on Oct 13, 2023.
             Was an Initiate of Hepliaklqana.
             Mangled by a wyvern (14 damage)
             ... on level 4 of the Dungeon.
             The game lasted 00:02:34 (3092 turns).

Dordric the Changeling (Djinni Shapeshifter)        Turns: 3092, Time: 00:02:35

Health: -7/42      AC:  6    Str: 13    XL:     6   Next: 28%
Gold:   153        EV:  9    Int: 11    God:    Hepliaklqana [......] SH:  0 Dex: 15

rFire   + + .        k - +3 short sword
rCold   x . .        (no shield)
rNeg    + . .        p - +0 scale mail
rPois   ∞            (helmet currently unavailable)
rElec   .            (cloak currently unavailable)
rCorr   .            (gloves currently unavailable)
SInv    .            (boots unavailable)
Will    .....        (no amulet) Stlth
                     g - ring of positive energy
HPRegen 0.27/turn    (no ring)
MPRegen 0.00/turn

%: infuse magic (-8 HP)
@: beast-form, flying
A: beast (slay +3), flying, sickness immunity, fire resistance 2, cold
vulnerability 1, float, innate caster, HP casting, extra vitality 1
a: Begin Untransformation, Renounce Religion


You were on level 4 of the Dungeon.
You worshipped Hepliaklqana.
Hepliaklqana was noncommittal.
You were a hulking beast.
You visited 1 branch of the dungeon, and saw 4 of its levels.

You collected 153 gold pieces.

Inventory:

Hand Weapons
 k - a +3 short sword (weapon)
Missiles
 m - 2 throwing nets
Armour
 a - a +0 animal skin
 j - a +0 ring mail
 p - a +0 scale mail (worn)
Jewellery
 g - a ring of positive energy (left hand)
 u - an amulet of regeneration
Talismans
 c - a beast talisman (active)
 d - a flux talisman
Wands
 w - a wand of mindburst (3)
Scrolls
 e - 3 scrolls of identify {unknown}
 f - 3 scrolls of vulnerability {unknown}
 h - a scroll of acquirement {unknown}
 l - a scroll of enchant weapon {unknown}
 n - a scroll of noise {unknown}
 o - a scroll of poison {unknown}
 q - a scroll of teleportation {unknown}
 r - 2 scrolls of immolation {unknown}
 t - a scroll of silence {unknown}
 v - a scroll of revelation {unknown}
Potions
 b - a potion of lignification
 i - 3 potions of curing {unknown}
 s - 3 potions of heal wounds {unknown}
 x - a potion of ambrosia {unknown}
 z - a potion of brilliance {unknown}
 A - a potion of haste {unknown}
 B - a potion of magic {unknown}


   Skills:
 - Level 1.0 Fighting
 - Level 2.1 Dodging
 - Level 3.0 Unarmed Combat
 + Level 5.6 Shapeshifting


You knew the following spells:

 Your Spells              Type           Power      Damage    Failure   Level
a - Kiss of Death         Conj/Necr      0%         2d5       87%         1
b - Poisonous Vapours     Pois/Air       0%         N/A       95%         2
Your spell library was empty.

Dungeon Overview and Level Annotations

Branches:
Dungeon (4/15)
 Temple: D:4-7

Altars:
Hepliaklqana
The Shining One


Innate Abilities, Weirdness & Mutations

You are a hulking beast.
Your limbs bulge with bestial killing power. (Slay +3)
You are flying.
You are immune to sickness and miasma.
You are immune to poison.
Your flesh is very heat resistant. (rF++)
You are vulnerable to cold. (rC-)
You float through the air rather than walking.
You learn spells naturally, not from books.
Your magical power is your life essence.
You have superior vitality. (+4 MHP)


Message History

The wyvern is moderately wounded.
The wyvern bites you!
You hit the wyvern.
The wyvern is moderately wounded.
The wyvern bites you! The wyvern barely misses you.
You barely miss the wyvern.
The wyvern is moderately wounded.
The wyvern bites you!
* * * LOW HITPOINT WARNING * * *
You are too injured to fight recklessly!
You are too injured to fight recklessly!
You are too injured to fight recklessly!
You are too injured to fight recklessly!
You are too injured to fight recklessly!
You are too injured to fight recklessly!
You are too injured to fight recklessly!
You are too injured to fight recklessly!
You are too injured to fight recklessly!
You are too injured to fight recklessly!
You are too injured to fight recklessly!
You are too injured to fight recklessly!
You are too injured to fight recklessly!
You are too injured to fight recklessly!
You are too injured to fight recklessly!
You are too injured to fight recklessly!
You hit the wyvern but do no damage. You punch the wyvern.
The wyvern is moderately wounded.
The wyvern bites you.
* * * LOW HITPOINT WARNING * * *
The wyvern bites you but does no damage.
You closely miss the wyvern.
The wyvern is moderately wounded.
The wyvern barely misses you.
You hit the wyvern.
The wyvern is heavily wounded.
The wyvern closely misses you. x2
You hit the wyvern.
The wyvern is severely wounded.
The wyvern bites you!
You die...

#.##......####
#.##.#...##
#.##.<...#
#.......##
#####...#
#...#######.
#...........
####...###.....
........h†......
.........l.)..!.
.............$..
#####...###(....
#.... ..###
#...# ... #...#
### #...


You could see a wyvern.

Vanquished Creatures
  A hound (D:4)
  Natasha (twice) (D:2)
  An orc wizard (D:3)
  4 adders
  3 worms (D:3)
  5 dart slugs
  7 orcs (D:3)
  2 bats
  7 endoplasms
  3 giant cockroaches
  9 goblins
  4 hobgoblins
  4 jackals (D:2)
  3 quokkas
  5 ball pythons
  3 frilled lizards
  5 kobolds
  4 rats
72 creatures vanquished.

Notes
Turn   | Place    | Note
-------+----------+-------------------------------------------
     0 | D:1      | Dordric the Djinni Shapeshifter began the quest for the
                  | Orb.
     0 | D:1      | Reached XP level 1. HP: 17/17 MP: 0/0
   189 | D:1      | Reached skill level 3 in Shapeshifting
   190 | D:1      | Reached XP level 2. HP: 18/22 MP: 0/0
   915 | D:2      | Reached XP level 3. HP: 26/27 MP: 0/0
   915 | D:2      | Learned a level 1 spell: Kiss of Death
  1070 | D:2      | Reached skill level 4 in Shapeshifting
  1070 | D:2      | Reached XP level 4. HP: 22/32 MP: 0/0
  1249 | D:2      | Found a glowing golden altar of the Shining One.
  1468 | D:2      | Noticed Natasha
  1473 | D:2      | Killed Natasha
  1669 | D:2      | Noticed Natasha
  1675 | D:2      | Killed Natasha
  1676 | D:2      | Reached XP level 5. HP: 34/37 MP: 0/0
  1676 | D:2      | Learned a level 2 spell: Poisonous Vapours
  2141 | D:3      | Reached skill level 5 in Shapeshifting
  2422 | D:3      | Reached XP level 6. HP: 32/42 MP: 0/0
  2922 | D:3      | Found a hazy altar of Hepliaklqana.
  2928 | D:3      | Became a worshipper of Hepliaklqana the Forgotten
  3078 | D:4      | Noticed a wyvern
  3092 | D:4      | Mangled by a wyvern

Illustrated notes

Levels and vault maps discovered:
D:1:      dpeg_arrival_rooms_c, layout_basic
D:2:      layout_loops_corners, basic_altar, minmay_between, uniq_natasha
D:3:      minmay_thinvault, layout_loops_cross,
          worldfamousw_hep_ancestral_shrine
D:4:      layout_loops_cross, serial_shops, nicolae_shop_tiny_waterfront,
          uniq_blork_the_orc

Skill      XL: |  1  2  3  4  5 |
---------------+----------------+-----
Shapeshifting  | 3 4 5 |  5.6
Fighting       | |  1.0
Dodging        | |  2.1
Unarmed Combat | |  3.0

Action                     |  1- 3 |  4- 6 || total
---------------------------+-------+-------++-------
  Melee: Unarmed           |    29 |       ||    29
         Short sword       |    49 |   157 ||   206
         Punch             |       |     3 ||     3
 Armour: Animal skin       |     6 |       ||     6
         Ring mail         |    21 |       ||    21
         Scale mail        |    27 |   105 ||   132
  Dodge: Dodged            |    36 |    60 ||    96

Table legend: (Time is in decaauts)
 A = Elapsed time spent in this place.
 B = Non-inter-level travel time spent in this place.
 C = Inter-level travel time spent in this place.
 D = Time resting spent in this place.
 E = Time spent auto-exploring this place.
 F = Levels seen in this place.
 G = Mean time per level.
                   A        B        C        D        E       F      G
               +--------+--------+--------+--------+--------+-----+--------+
         Total |   3088 |   3011 |     77 |     60 |   2458 |   4 |  772.0 |
       Dungeon |   3088 |   3011 |     77 |     60 |   2458 |   4 |  772.0 |
               +--------+--------+--------+--------+--------+-----+--------+

Top non-repeatable levels by time:
     D:3: 1119 daAuts
     D:2: 919 daAuts
     D:1: 906 daAuts
     D:4: 142 daAuts
